 Dungeon Crawl Stone Soup version 0.28.0-43-g3370ac3207 (webtiles) character file.

Game seed: 12579803270006723512

221 Ablot the Grasshopper (level 5, -4/43 HPs)
             Began as a Gnoll Warper on Mar 3, 2022.
             Slain by an iguana (13 damage)
             ... on level 4 of the Dungeon.
             The game lasted 00:04:09 (3309 turns).

Ablot the Grasshopper (Gnoll Warper)                Turns: 3309, Time: 00:04:10

Health: -4/43      AC:  5    Str: 12    XL:     5   Next: 98%
Magic:  10/12      EV: 13    Int: 13    God:
Gold:   104        SH:  0    Dex: 11    Spells: 12/14 levels left

rFire   x . .      SeeInvis .   a - +0 spear
rCold   + . .      Faith    .   (no shield)
rNeg    + . .      Spirit   .   b - +1 leather armour of the New World {rN+ rCorr Stlth+}
rPois   .          Reflect  .   (no helmet)
rElec   .          Harm     .   r - +0 cloak
rCorr   +          Rampage  .   (no gloves)
Will    .....                   (no boots)
Stlth   ++........              (no amulet)
HPRegen 0.14/turn               i - ring of ice
MPRegen 0.13/turn               (no ring)

@: on blink cooldown
A: fangs 1, strong nose, distributed training
a: no special abilities


You were on level 4 of the Dungeon.
You visited 1 branch of the dungeon, and saw 4 of its levels.

You collected 104 gold pieces.

Inventory:

Hand Weapons
 a - a +0 spear (weapon)
 h - a +2 dagger of venom
 u - a +0 hunting sling
Missiles
 d - 7 boomerangs of dispersal
 f - 66 arrows
 k - 4 silver javelins
 m - 4 poisoned darts (quivered)
 n - 86 stones
Armour
 b - the +1 leather armour of the New World (worn) {rN+ rCorr Stlth+}
   (You found it on level 2 of the Dungeon)

   rN:        It protects you from negative energy.
   rCorr:     It protects you from acid and corrosion.
   Stlth:     It makes you more stealthy.
 r - a +0 cloak (worn)
 s - a +0 buckler
Jewellery
 i - a ring of ice (left hand)
Wands
 q - a wand of polymorph (11)
Scrolls
 c - a scroll of blinking
 e - a scroll of enchant weapon {unknown}
 g - 4 scrolls of identify {unknown}
 j - a scroll of holy word {unknown}
 o - a scroll of teleportation {unknown}
 p - a scroll of noise {unknown}
Potions
 l - a potion of haste {unknown}
 t - a potion of might {unknown}


   Skills:
 + Level 4.9 Fighting
 + Level 1.7 Short Blades
 + Level 1.7 Long Blades
 + Level 1.7 Axes
 + Level 1.7 Maces & Flails
 + Level 4.9 Polearms
 + Level 1.7 Staves
 + Level 1.7 Slings
 + Level 1.7 Bows
 + Level 1.7 Crossbows
 + Level 3.1 Throwing
 + Level 3.1 Armour
 + Level 4.9 Dodging
 + Level 1.7 Stealth
 + Level 1.7 Shields
 + Level 1.7 Unarmed Combat
 + Level 5.2 Spellcasting
 + Level 1.3 Conjurations
 + Level 1.3 Hexes
 + Level 1.3 Summonings
 + Level 1.3 Necromancy
 + Level 5.6 Translocations
 + Level 1.3 Transmutations
 + Level 1.3 Fire Magic
 + Level 1.3 Ice Magic
 + Level 1.3 Air Magic
 + Level 1.3 Earth Magic
 + Level 1.3 Poison Magic
 + Level 1.9 Invocations
 + Level 1.7 Evocations


You had 12 spell levels left.
You knew the following spells:

 Your Spells              Type           Power      Damage    Failure   Level
a - Blink                 Tloc           36%        N/A       3%          2

Your spell library contained the following spells:

 Spells                   Type           Power      Damage    Failure   Level
 Gell's Gravitas          Tloc           18%        N/A       7%          3
 Lesser Beckoning         Tloc           18%        N/A       7%          3
 Teleport Other           Tloc           18%        N/A       7%          3
 Slow                     Hex            24%        N/A       13%         1
 Confusing Touch          Hex            6%         N/A       36%         3
 Inner Flame              Hex/Fire       6%         N/A       36%         3
 Vampiric Draining        Necr           6%         2d6       36%         3
 Manifold Assault         Tloc           18%        N/A       54%         5
 Cause Fear               Hex            3%         N/A       78%         4
 Discord                  Hex            3%         N/A       100%        8


Dungeon Overview and Level Annotations

Branches:
Dungeon (4/15)
 Temple: D:4-7

Altars:


Innate Abilities, Weirdness & Mutations

You have very sharp teeth.
Your uncanny sense of smell can sniff out nearby items.
Your experience applies equally to all skills.


Message History

You hit the iguana but do no damage.
The iguana is moderately wounded.
The iguana closely misses you.
You barely miss the iguana.
The iguana is moderately wounded.
The iguana bites you.
You hit the iguana but do no damage.
The iguana is moderately wounded.
The iguana bites you.
You closely miss the iguana.
The iguana is moderately wounded.
The iguana closely misses you.
You hit the iguana but do no damage. You punch the iguana, but do no damage.
The iguana is moderately wounded.
The iguana misses you.
You hit the iguana but do no damage.
The iguana is moderately wounded.
You closely miss the iguana.
The iguana is moderately wounded.
The iguana bites you!
* * * LOW HITPOINT WARNING * * *
Unknown command.
Casting: Blink (safe; 3% risk of failure)
Confirm with . or Enter, or press ? or * to list all spells.
You blink.
A kobold comes into view. It is wielding a +0 short sword.
Throw: 6 darts (poison)
Press: ? - help, Q - select action, (/) - cycle Shift-Dir - straight line, f - iguana
Aim: an iguana (moderately wounded, 63% to hit)
You throw a poisoned dart.
The poisoned dart closely misses the iguana.
Unknown command.
Throw: 5 darts (poison)
Press: ? - help, Q - select action, (/) - cycle Shift-Dir - straight line, f/p - iguana
Aim: an iguana (moderately wounded, 63% to hit)
You throw a poisoned dart. The poisoned dart hits the iguana.
The iguana is poisoned.
The iguana is moderately wounded.
The iguana bites you!
You die...

(.)..W###...#
#...Fl#.#...#
#.......#...###
..........>....
∆ #.#.###
#.#...#### .
#(.§.....# #.#
###......# #.#[
+.l@...# #...
#......#
#..#+###.....##
#............#
#.#....K.....#
#..).......#
#......#+### ∆
......>..#
...#.......#


You could see an iguana (poisoned) and a kobold.

Vanquished Creatures
  A phantom (D:3)
  A hound (D:3)
  Ijyb (D:3)
  2 adders
  2 adder skeletons (D:4)
  A worm (D:3)
  3 dart slugs
  An orc (D:3)
  8 ball pythons
  4 bats
  4 endoplasms
  3 giant cockroaches
  6 goblins
  4 hobgoblins
  4 jackals (D:2)
  2 kobolds
  2 quokkas
  7 frilled lizards
  3 rats
59 creatures vanquished.

Notes
Turn   | Place    | Note
-------+----------+-------------------------------------------
     0 | D:1      | Ablot the Gnoll Warper began the quest for the Orb.
     0 | D:1      | Reached XP level 1. HP: 20/20 MP: 6/6
   256 | D:1      | Reached XP level 2. HP: 26/26 MP: 7/7
   259 | D:1      | Learned a level 2 spell: Blink
   464 | D:1      | Reached XP level 3. HP: 26/31 MP: 9/9
   570 | D:1      | Found a faded altar of an unknown god.
   699 | D:2      | Reached skill level 5 in Spellcasting
  1035 | D:2      | Reached skill level 1 in Invocations
  1243 | D:2      | Identified the +1 leather armour of the New World {rN+
                  | rCorr Stlth+}
  1456 | D:2      | Reached skill level 1 in Short Blades
  1456 | D:2      | Reached skill level 1 in Long Blades
  1456 | D:2      | Reached skill level 1 in Axes
  1456 | D:2      | Reached skill level 1 in Maces & Flails
  1456 | D:2      | Reached skill level 1 in Staves
  1456 | D:2      | Reached skill level 1 in Slings
  1456 | D:2      | Reached skill level 1 in Bows
  1456 | D:2      | Reached skill level 1 in Crossbows
  1456 | D:2      | Reached skill level 1 in Stealth
  1456 | D:2      | Reached skill level 1 in Shields
  1456 | D:2      | Reached skill level 1 in Unarmed Combat
  1456 | D:2      | Reached skill level 1 in Evocations
  1652 | D:3      | Noticed Ijyb
  1677 | D:3      | Killed Ijyb
  1678 | D:3      | Reached XP level 4. HP: 10/38 MP: 8/11
  2120 | D:3      | Reached skill level 1 in Conjurations
  2120 | D:3      | Reached skill level 1 in Hexes
  2120 | D:3      | Reached skill level 1 in Summonings
  2120 | D:3      | Reached skill level 1 in Necromancy
  2120 | D:3      | Reached skill level 1 in Transmutations
  2120 | D:3      | Reached skill level 1 in Fire Magic
  2120 | D:3      | Reached skill level 1 in Ice Magic
  2120 | D:3      | Reached skill level 1 in Air Magic
  2120 | D:3      | Reached skill level 1 in Earth Magic
  2120 | D:3      | Reached skill level 1 in Poison Magic
  2760 | D:4      | Noticed a phantom
  2823 | D:4      | Noticed a phantom
  2827 | D:4      | Noticed a bullfrog
  2836 | D:3      | Reached XP level 5. HP: 25/43 MP: 12/12
  3004 | D:3      | Killed a phantom
  3309 | D:4      | Slain by an iguana

Illustrated notes

Levels and vault maps discovered:
D:1:      sevenhm_arrival_forest_fort_small_4, layout_rooms,
          ebering_ecumenical_altar_mist, serial_bayou_pond_a
D:2:      layout_loops_ring, st_stairs_1, lemuel_old_faithful
D:3:      layout_loops_cross, uniq_ijyb
D:4:      layout_basic, amethyst_killhole

Skill      XL: |  1  2  3  4  5 |
---------------+----------------+-----
Spellcasting   | 5 |  5.2
Invocations    | 1 |  1.9
Short Blades   | 1 |  1.7
Long Blades    | 1 |  1.7
Axes           | 1 |  1.7
Maces & Flails | 1 |  1.7
Staves         | 1 |  1.7
Slings         | 1 |  1.7
Bows           | 1 |  1.7
Crossbows      | 1 |  1.7
Stealth        | 1 |  1.7
Shields        | 1 |  1.7
Unarmed Combat | 1 |  1.7
Evocations     | 1 |  1.7
Conjurations   | 1 |  1.3
Hexes          | 1 |  1.3
Summonings     | 1 |  1.3
Necromancy     | 1 |  1.3
Transmutations | 1 |  1.3
Fire Magic     | 1 |  1.3
Ice Magic      | 1 |  1.3
Air Magic      | 1 |  1.3
Earth Magic    | 1 |  1.3
Poison Magic   | 1 |  1.3
Throwing       | 3 |  3.1
Armour         | 3 |  3.1
Fighting       | |  4.9
Polearms       | |  4.9
Dodging        | |  4.9
Translocations | |  5.6

Action                   |  1- 3 |  4- 6 || total
-------------------------+-------+-------++-------
Melee: Spear             |    17 |    14 ||    31
       Bite              |     9 |     8 ||    17
       Dagger            |    89 |    90 ||   179
       Punch             |     1 |     5 ||     6
Throw: Dart              |       |     3 ||     3
 Cast: Blink             |     1 |     2 ||     3
 Stab: Sleeping          |     3 |     5 ||     8
Armor: Leather armour    |    18 |    22 ||    40
Dodge: Dodged            |    59 |    59 ||   118
